 Dungeon Crawl Stone Soup version 0.22-a0-567-gff9aefc (webtiles) character file.

367 Hebeh the Chopper (level 6, -12/56 HPs)
             Began as a Minotaur Fighter on June 29, 2018.
             Killed from afar by Dowan (19 damage)
             ... with a shard of ice
             ... on level 4 of the Dungeon.
             The game lasted 00:07:34 (2595 turns).

Hebeh the Chopper (Minotaur Fighter)                Turns: 2595, Time: 00:07:37

Health: -12/56     AC: 12    Str: 22    XL:     6   Next: 41%
Magic:  5/5        EV:  4    Int:  5    God:
Gold:   188        SH: 11    Dex: 10    Spells: 5/5 levels left

rFire    . . .     SeeInvis +   a - +0 war axe
rCold    . . .     Gourm    .   c - +1 shield
rNeg     . . .     Faith    .   n - +0 plate armour
rPois    .         Spirit   .   (helmet restricted)
rElec    .         Reflect  .   (no cloak)
rCorr    +         Harm     .   (no gloves)
MR       .....                  (no boots)
Stlth    ..........             (no amulet)
HPRegen  0.18/turn              e - ring of resist corrosion
MPRegen  0.09/turn              i - ring of see invisible

@: lethally poisoned (-12 -> -50), glowing
A: retaliatory headbutt, horns 2
a: no special abilities


You were on level 4 of the Dungeon.
You were not hungry.

You visited 1 branch of the dungeon, and saw 4 of its levels.

You collected 188 gold pieces.

Inventory:

Hand Weapons
 a - a +0 war axe (weapon)
 k - a +2 vampiric spear
Armour
 c - a +1 shield (worn)
 n - a +0 plate armour (worn)
Jewellery
 e - a ring of resist corrosion (left hand)
 i - a ring of see invisible (right hand)
 p - an uncursed amulet of rage {unknown}
Wands
 l - a wand of flame (33)
Scrolls
 m - 4 scrolls of remove curse
 o - a scroll of teleportation {unknown}
Potions
 d - a potion of might
 g - a potion of magic {unknown}
 h - 3 potions of curing {unknown}
 j - a potion of agility {unknown}
 q - a potion of degeneration {unknown}
Comestibles
 b - a chunk of flesh
 f - 4 rations


   Skills:
 + Level 5.1 Fighting
 * Level 5.5 Axes
 + Level 5.1 Armour
 + Level 5.0 Shields


You had 5 spell levels left.
You didn't know any spells.
Your spell library was empty.

Dungeon Overview and Level Annotations

Branches:
Dungeon (4/15)
 Temple: D:4-7

Altars:
Kikubaaqudgha

Annotations:
D:4 Dowan


Innate Abilities, Weirdness & Mutations

You reflexively headbutt those who attack you in melee.
You have a pair of horns on your head.


Message History

Duvessa hits you with a short sword of venom.
* * * LOW HITPOINT WARNING * * *
You are more poisoned.
Dowan casts a spell.
Dowan blinks!
You see here a worker ant corpse.
You hit Duvessa.
You kill Duvessa!
Dowan screams, "No!
Oh no!"
Dowan seems to find hidden reserves of power!
Your Fighting skill increases to level 5!
Your Armour skill increases to level 5!
Your Shields skill increases to level 5!
* * * LOW HITPOINT WARNING * * *
You feel very sick. Dowan casts a spell at you. You block the stone arrow.
Dowan points at you and mumbles some strange words.
The shard of ice hits you!
You die...

#.......#...#.######.
#.......#.###.. #.
#.#####[..# #### ..
#.# ##### .< #.# ...
#.# ... #.########
#........# #...@..^.+
##..)....# #...e...#
#.......# #.......#
#.......# #.......#
#$..(...#


You could see Dowan.

Vanquished Creatures
  Duvessa (D:4)
  A scorpion (D:4)
  Jessica (D:2)
  A worker ant (D:4)
  Robin (D:2)
  4 gnolls (D:2)
  3 adders (D:4)
  2 oozes
  A worm (D:2)
  A leopard gecko (D:2)
  5 orcs
  4 bats
  7 giant cockroaches (D:1)
  7 goblins
  8 hobgoblins
  8 jackals
  2 quokkas (D:2)
  6 frilled lizards
  4 kobolds (D:2)
  A quokka skeleton (D:4)
  6 rats
74 creatures vanquished.

Notes
Turn   | Place    | Note
-------+----------+-------------------------------------------
     0 | D:1      | Hebeh the Minotaur Fighter began the quest for the Orb.
     0 | D:1      | Reached XP level 1. HP: 19/19 MP: 0/0
   238 | D:1      | Reached XP level 2. HP: 27/27 MP: 1/1
   957 | D:2      | Reached XP level 3. HP: 29/33 MP: 2/2
   981 | D:2      | Noticed Jessica
   986 | D:2      | Killed Jessica
  1072 | D:2      | Noticed Robin
  1078 | D:2      | Reached XP level 4. HP: 35/40 MP: 3/3
  1079 | D:2      | Killed Robin
  1232 | D:2      | Reached XP level 5. HP: 30/47 MP: 4/4
  2518 | D:4      | Found an ancient bone altar of Kikubaaqudgha.
  2574 | D:4      | Noticed Dowan
  2575 | D:4      | Noticed Duvessa
  2577 | D:4      | Reached skill level 5 in Axes
  2587 | D:4      | Reached XP level 6. HP: 39/55 MP: 5/5
  2595 | D:4      | Killed Duvessa
  2595 | D:4      | Reached skill level 5 in Fighting
  2595 | D:4      | Reached skill level 5 in Armour
  2595 | D:4      | Reached skill level 5 in Shields
  2595 | D:4      | Killed from afar by Dowan

Vault maps used:
D:1:      minmay_arrival_plants_in_alcoves
D:2:      serial_forest, infiniplex_forest_straight_2,
          infiniplex_forest_clump_small, infiniplex_forest_clump_long,
          infiniplex_forest_clump_medium, infiniplex_forest_straight_4,
          infiniplex_forest_clump_cross, infiniplex_forest_straight_4,
          uniq_jessica, uniq_robin
D:4:      lemuel_crystal_altar, nicolae_ru_path_of_blood, uniq_duvessa

Skill      XL: |  1  2  3  4  5  6 |
---------------+-------------------+-----
Axes           | 3 4 5 |  5.5
Shields        | 4 5 |  5.0
Fighting       | 4 5 |  5.1
Armour         | 4 5 |  5.1

Action                   |  1- 3 |  4- 6 || total
-------------------------+-------+-------++-------
Melee: War axe           |    62 |   125 ||   187
       Headbutt          |     7 |    18 ||    25
  Use: Scroll            |       |     5 ||     5
  Eat: Chunk             |     1 |     1 ||     2
       Ration            |       |     1 ||     1
Armor: Scale mail        |    13 |       ||    13
       Plate armour      |    12 |   111 ||   123
Dodge: Dodged            |    18 |    38 ||    56
Block: Shield            |    26 |    92 ||   118

Table legend:
 A = Spawn XP
 B = Non-spawn XP
 C = Spawn XP percentage of total XP
 D = Spawn monster count
 E = Non-spawn monster count
 F = Spawn count percentage of total count
 G = Total turns spent on level
                    A         B        C        D         E        F      G
               +---------+---------+-------+---------+---------+-------+---------
         Total |       0 |     525 |   0.0 |       0 |      74 |   0.0 |  2595
               +---------+---------+-------+---------+---------+-------+---------
           D:1 |       0 |      32 |   0.0 |       0 |      16 |   0.0 |   894
           D:2 |       0 |     171 |   0.0 |       0 |      37 |   0.0 |   760
           D:3 |       0 |      19 |   0.0 |       0 |       8 |   0.0 |   441
           D:4 |       0 |     303 |   0.0 |       0 |      13 |   0.0 |   500
               +---------+---------+-------+---------+---------+-------+---------
